 Dungeon Crawl Stone Soup version 0.30.0-19-g36f170ea60 (webtiles) character file.

Game seed: 719994645684804167

650 Kranky the Shield-Bearer (level 7, -3/68 HPs)
             Began as a Troll Fighter on May 28, 2023.
             Slain by KittyFluff's ghost (5 damage)
             ... on level 4 of the Dungeon.
             The game lasted 00:05:45 (3268 turns).

Kranky the Shield-Bearer (Troll Fighter)            Turns: 3268, Time: 00:05:45

Health: -3/68      AC:  4    Str: 25    XL:     7   Next: 28%
Magic:  6/6        EV:  9    Int:  6    God:
Gold:   197        SH:  8    Dex:  9    Spells: 6/6 levels left

rFire   . .          .
                       - Unarmed
rCold   . . .        b - +0 kite shield
rNeg    . . .        m - +0 robe of Least Resistance {Will+}
rPois   .            (helmet restricted)
rElec   .            (no cloak)
rCorr   .            (gloves unavailable)
SInv    .            (boots unavailable)
Will    +....        (no amulet)
Stlth   +            (no ring)
HPRegen 1.11/turn    (no ring)
MPRegen 0.10/turn

%: no passive effects
@: no status effects
A: large, unfitting armour, claws 3, regeneration 1, shaggy fur 1, tough skin 1
a: no special abilities


You were on level 4 of the Dungeon.
You visited 1 branch of the dungeon, and saw 4 of its levels.

You collected 197 gold pieces.

Inventory:

Missiles
 l - 4 poisoned darts (quivered)
 x - a throwing net
Armour
 a - a +0 robe
 b - a +0 kite shield (worn)
 m - the +0 robe of Least Resistance (worn) {Will+}
   (You found it on level 2 of the Dungeon)

   Will:      It increases your willpower.
Jewellery
 z - a ring of resist corrosion
Wands
 w - a wand of light (9)
Scrolls
 e - 4 scrolls of identify {unknown}
 f - a scroll of summoning {unknown}
 i - 3 scrolls of teleportation {unknown}
 o - a scroll of vulnerability {unknown}
 q - a scroll of fog {unknown}
 r - a scroll of brand weapon {unknown}
 s - a scroll of enchant weapon {unknown}
 y - 3 scrolls of fear {unknown}
Potions
 c - a potion of might
 d - 2 potions of flight {unknown}
 g - 2 potions of heal wounds {unknown}
 h - a potion of magic {unknown}
 j - a potion of berserk rage {unknown}
 k - 4 potions of curing {unknown}
 n - a potion of mutation {unknown}
 p - 2 potions of invisibility {unknown}
 t - a potion of degeneration {unknown}
 u - a potion of resistance {unknown}
 v - 3 potions of haste {unknown}


   Skills:
 + Level 3.7 Fighting
 + Level 2.7 Armour
 + Level 3.8 Dodging
 + Level 4.1 Shields
 + Level 4.0 Unarmed Combat


You had 6 spell levels left.
You didn't know any spells.
Your spell library contained the following spells:

 Spells                   Type           Power      Damage    Failure   Level
 Ensorcelled Hibernation  Hex/Ice        0%         N/A       83%         2
 Hailstorm                Conj/Ice       0%         3d3       97%         3
 Spider Form              Tmut/Pois      0%         N/A       97%         3
 Anguish                  Hex/Necr       0%         N/A       100%        4
 Ice Form                 Ice/Tmut       0%         N/A       100%        4
 Simulacrum               Ice/Necr       0%         N/A       100%        6


Dungeon Overview and Level Annotations

Branches:
Dungeon (4/15)
 Temple: D:4-7

Altars:
Gozag
Ru
Trog
Vehumet

Portals:
Abyss: D:4

Annotations:
D:4 KittyFluff's ghost, amateur GrBe


Innate Abilities, Weirdness & Mutations

You are too large for most types of armour.
You have claws for hands.
Your natural rate of healing is unusually fast.
You are covered in fur. (AC +1)
You have tough skin. (AC +1)


Message History

The small abomination barely misses you.
There is a transporter here.
You enter the transporter and appear at another place.
The small abomination closely misses you.
You block KittyFluff's ghost's attack.
You claw the small abomination!
The small abomination is moderately damaged.
The small abomination hits you.
* * * LOW HITPOINT WARNING * * *
KittyFluff's ghost hits you.
* * * LOW HITPOINT WARNING * * *
The small abomination hits you.
* * * LOW HITPOINT WARNING * * *
You barely miss the small abomination.
The small abomination is moderately damaged.
KittyFluff's ghost whispers, "You will understand me better in a moment."
You block KittyFluff's ghost's attack.
The small abomination hits you but does no damage.
You barely miss the small abomination.
The small abomination is moderately damaged.
The small abomination closely misses you.
KittyFluff's ghost barely misses you.
You scratch the small abomination.
The small abomination is heavily damaged.
The small abomination hits you but does no damage.
KittyFluff's ghost barely misses you.
The small abomination barely misses you.
You claw the small abomination!
The small abomination is severely damaged.
You block the small abomination's attack.
KittyFluff's ghost hits you!
* * * LOW HITPOINT WARNING * * *
You claw the small abomination!
You destroy the small abomination!
KittyFluff's ghost says, "Crushing you to a pulp will hurt a lot.
After that?
Painless!
I promise!"
KittyFluff's ghost barely misses you.
Your Unarmed Combat skill increases to level 4!
KittyFluff's ghost attacks as you move away!
KittyFluff's ghost hits you.
You die...

....###......####....###.......#
.#........####..##..##.##......##
..........#©§.)#.#©##.#.#......#.
##........##§##..###...##).....#.
###.###))..#####.....# #.......#)
....# #.)......##..#.###...#####.
#######)).......#..#.#.....#####.
#...)..###..##..)#.....#.....
#.#...##.##.@#x..##....#.###.
####.#..##...#W##....##...#.####
#.......##.#####..#.#∩#.........
##†####...##.#...####..##..#.####
...####....#?...##.#....#..#.....
......#....#.#.# ...###.#..######
...##......##x####.##.###..#
.....#......###..###.......#
#..........................#


You could see a small abomination and KittyFluff's ghost.

Vanquished Creatures
  A small abomination (D:4)
  3 scorpions (D:4)
  A hound (D:4)
  A jelly (D:4)
  2 orc priests
  2 orc wizards
  4 gnolls
  7 adders
  An ufetubus (D:3)
  3 worms
  A dart slug (D:1)
  11 orcs
  3 endoplasms
  4 giant cockroaches
  6 goblins
  3 hobgoblins
  11 jackals
  3 kobolds
  6 quokkas
  10 ball pythons
  3 bats
  4 frilled lizards
  6 rats
96 creatures vanquished.

Notes
Turn   | Place    | Note
-------+----------+-------------------------------------------
     0 | D:1      | Kranky the Troll Fighter began the quest for the Orb.
     0 | D:1      | Reached XP level 1. HP: 22/22 MP: 0/0
   126 | D:1      | Reached XP level 2. HP: 29/29 MP: 1/1
   974 | D:2      | Reached XP level 3. HP: 34/36 MP: 2/2
   992 | D:2      | Identified the +0 robe of Least Resistance {Will+}
  1132 | D:2      | Reached skill level 1 in Armour
  1208 | D:2      | Reached XP level 4. HP: 40/44 MP: 3/3
  1617 | D:2      | Identified the +4 spear of Dullness {speed, rPois Will-
                  | rCorr}
  1980 | D:3      | Reached XP level 5. HP: 44/53 MP: 4/4
  2055 | D:3      | Found an opulent altar of Gozag.
  2627 | D:4      | Reached XP level 6. HP: 28/61 MP: 5/5
  2672 | D:4      | Found a transporter.
  2692 | D:4      | Noticed a small abomination
  2703 | D:4      | Found a transporter.
  2755 | D:4      | Found a bloodstained altar of Trog.
  2798 | D:4      | Found a sacrificial altar of Ru.
  2855 | D:4      | Found a radiant altar of Vehumet.
  2918 | D:4      | Reached XP level 7. HP: 67/67 MP: 6/6
  3084 | D:4      | Found a one-way gate to the infinite horrors of the Abyss.
  3084 | D:4      | Noticed KittyFluff's ghost (amateur GrBe)
  3266 | D:4      | HP: 1/68 [KittyFluff's ghost (9)]
  3268 | D:4      | Slain by KittyFluff's ghost

Illustrated notes

Levels and vault maps discovered:
D:1:      dpeg_arrival_line_fractal, layout_basic, due_unseen_surprise
D:2:      minmay_recursive_quarters, layout_basic, kennysheep_path_1
D:3:      layout_basic, mainiacjoe_overflow_six_doors_small
D:4:      layout_loops_cross, vehumet_crystals,
          mainiacjoe_overflow_catwalk_spiral, gammafunk_ghost_abyssal_escape

Skill      XL: |  1  2  3  4  5  6  7 |
---------------+----------------------+-----
Shields        | 3 4 |  4.1
Armour         | 1 2 |  2.7
Fighting       | 3 |  3.7
Dodging        | 3 |  3.8
Unarmed Combat | 3 4 |  4.0

Action                     |  1- 3 |  4- 6 |  7- 9 || total
---------------------------+-------+-------+-------++-------
  Melee: Unarmed           |    96 |   189 |    30 ||   315
   Stab: Sleeping          |     1 |       |       ||     1
 Armour: Robe              |    40 |    42 |    10 ||    92
  Dodge: Dodged            |    42 |    63 |    19 ||   124
  Block: Kite shield       |    38 |    58 |    11 ||   107
